 Dungeon Crawl Stone Soup version 0.28.0-53-g5a82cb258f (webtiles) character file.

Game seed: 16879266339604837824

118474 mortz the Destroyer (level 15, -14/107 HPs)
             Began as a Demigod Conjurer on July 6, 2022.
             Shot with a bolt by a yaktaur captain (17 damage)
             ... on level 15 of the Dungeon on July 7, 2022.
             The game lasted 04:32:46 (33211 turns).

mortz the Destroyer (Demigod Conjurer)             Turns: 33211, Time: 04:32:47

Health: -14/107    AC: 26    Str: 12    XL:     15   Next: 78%
Magic:  48/54      EV:  9    Int: 36    God:
Gold:   638        SH:  4    Dex: 12    Spells: 9/38 levels left

rFire   + + .      SeeInvis .   a - staff of conjuration {!a@e2staff}
rCold   . . .      Faith    .   H - +0 buckler
rNeg    + . .      Spirit   .   S - +0 pearl dragon scales {rarerare}
rPois   +          Reflect  .   m - +2 helmet
rElec   .          Harm     .   h - +2 cloak
rCorr   +          Rampage  .   (no gloves)
Will    +....                   i - +2 pair of boots
Stlth   +.........              I - amulet of magic regeneration {@e2}
HPRegen 0.27/turn               R - ring "Puvy" {rPois rF++ rCorr MP+9}
MPRegen 0.74/turn               l - ring of magical power

@: unable to read
A: high MP 1, forlorn, divine attributes, inability to read while threatened
a: no special abilities


You were on level 15 of the Dungeon.
You visited 3 branches of the dungeon, and saw 23 of its levels.
You also visited: Bailey.

You collected 2516 gold pieces.
You spent 1878 gold pieces at shops.


Innate Abilities, Weirdness & Mutations

You have an increased reservoir of magic. (+10% MP)
You shall have no god before yourself.
Your divine heritage dramatically boosts your attributes as you level up.
You sometimes lose the ability to read scrolls when taking damage.


   Skills:
 + Level 3.0 Fighting
 + Level 0.2 Short Blades
 + Level 4.1 Axes
 - Level 12.0 Armour
 - Level 4.1 Dodging
 + Level 5.0 Stealth
 + Level 3.8 Shields
 - Level 12.1 Spellcasting
 - Level 13.6 Conjurations
 + Level 0.5 Hexes
 - Level 10.4 Translocations
 - Level 2.6 Fire Magic
 - Level 0.7 Air Magic
 * Level 4.2 Earth Magic
 * Level 8.2 Poison Magic


You had 9 spell levels left.
You knew the following spells:

 Your Spells              Type           Power      Damage    Failure   Level
a - Magic Dart            Conj           100%       1d8       1%          1
b - Searing Ray           Conj           100%       2d8       1%          2
c - Iskenderun's Mystic   Conj/Tloc      100%       2d19      1%          4
d - Fulminant Prism       Conj/Hex       41%        3d20      6%          4
e - Poisonous Vapours     Pois/Air       100%       N/A       2%          2
f - Olgreb's Toxic Radia  Pois           69%        N/A       3%          4
g - Mephitic Cloud        Conj/Pois/Air  85%        N/A       1%          3
h - Ignite Poison         Fire/Tmut/Pois 48%        N/A       8%          3
i - Iron Shot             Conj/Erth      46%        9d9       41%         6

Your spell library contained the following spells:

 Spells                   Type           Power      Damage    Failure   Level
 Apportation              Tloc           100%       N/A       1%          1
 Sting                    Tmut/Pois      100%       1d8       1%          1
 Dazzling Flash           Conj/Hex       100%       N/A       1%          3
 Passage of Golubria      Tloc           77%        N/A       1%          4
 Slow                     Hex            100%       N/A       9%          1
 Animate Skeleton         Necr           42%        N/A       11%         1
 Pain                     Necr           84%        1d8       11%         1
 Summon Small Mammal      Summ           84%        N/A       11%         1
 Corpse Rot               Necr/Air       48%        N/A       14%         2
 Confusing Touch          Hex            25%        N/A       26%         3
 Tukima's Dance           Hex            25%        N/A       26%         3
 Ozocubu's Armour         Ice            21%        N/A       32%         3
 Vampiric Draining        Necr           21%        2d7       32%         3
 Freezing Cloud           Conj/Ice/Air   35%        6-21      41%         5
 Animate Armour           Summ/Erth      74%        N/A       43%         4
 Summon Lightning Spire   Summ/Air       24%        N/A       67%         4
 Dispel Undead            Necr           21%        3d11      73%         4
 Summon Ice Beast         Ice/Summ       21%        N/A       73%         4
 Silence                  Hex/Air        13%        N/A       93%         5
 Summon Mana Viper        Hex/Summ       23%        N/A       95%         5
 Yara's Violent Unravell  Hex/Tmut       11%        3d6       95%         5
 Blade Hands              Tmut           11%        N/A       96%         5
 Agony                    Necr           21%        N/A       97%         5
 Excruciating Wounds      Necr           10%        N/A       97%         5
 Death Channel            Necr           10%        N/A       100%        6
 Monstrous Menagerie      Summ           10%        N/A       100%        7
 Ozocubu's Refrigeration  Ice            10%        4d7       100%        7
 Storm Form               Tmut/Air       12%        N/A       100%        7
 Maxwell's Capacitive Co  Air            13%        ∞         100%        8

Inventory:

Hand Weapons
 b - the +4 war axe "Peleu" {flame, rPois, axe}
   (You found it on level 8 of the Dungeon)

   It burns those it strikes, dealing additional fire damage.
   Big, fiery blades are also staple armaments of hydra-hunters.
   rPois:     It protects you from poison.
 f - a +3 long sword of freezing {long}
   (You took it off a wight on level 6 of the Dungeon)
 n - a +2 scimitar of holy wrath {long}
   (You took it off an orc warrior on level 8 of the Dungeon)
 x - the +5 dagger of Fedhas's Fury {freeze, rCorr, short}
   (You took it off an orc wizard on level 4 of the Dungeon)

   It freezes those it strikes, dealing additional cold damage.
   It can also slow down cold-blooded creatures.
   rCorr:     It protects you from acid and corrosion.
 V - a +0 dagger of protection {short}
   (You took it off a necromancer on level 15 of the Dungeon)
Armour
 h - a +2 cloak (worn)
   (You found it on level 1 of the Dungeon)
 i - a +2 pair of boots (worn)
   (You found it on level 6 of the Dungeon)
 m - a +2 helmet (worn)
   (You took it off Robin on level 2 of the Dungeon)
 H - a +0 buckler (worn)
   (You took it off a gnoll sergeant on level 9 of the Dungeon)
 S - +0 pearl dragon scales (worn) {rarerare}
   (You bought it in a shop on level 5 of the Dungeon)
 U - a +2 kite shield
   (You took it off a gnoll sergeant on level 11 of the Dungeon)
Magical Staves
 a - a staff of conjuration (weapon) {!a@e2staff}
   (You found it on level 5 of the Lair of Beasts)
Jewellery
 l - a ring of magical power (right hand)
   (You found it on level 6 of the Lair of Beasts)
 s - a ring of flight
   (You found it on level 3 of the Dungeon)
 E - a ring of protection from cold
   (You found it on level 13 of the Dungeon)
 I - an amulet of magic regeneration (around neck) {@e2}
   (You found it on level 1 of the Dungeon)
 R - the ring "Puvy" (left hand) {rPois rF++ rCorr MP+9}
   (You bought it in a shop on level 1 of the Dungeon)

   [ring of magical power]

   rF:        It greatly protects you from fire.
   rPois:     It protects you from poison.
   MP:        It affects your magic capacity (+9).
   rCorr:     It protects you from acid and corrosion.
 W - a ring of protection from fire
   (You found it on level 4 of the Lair of Beasts)
 X - a ring of see invisible
   (You found it on level 11 of the Dungeon)
Wands
 o - a wand of flame (47)
   (You found it on level 3 of the Dungeon)
 v - a wand of polymorph (22)
   (You found it on level 6 of the Dungeon)
 y - a wand of acid (8)
   (You found it on level 7 of the Dungeon)
 z - a wand of digging (11)
   (You found it on level 4 of the Dungeon)
 A - a wand of paralysis (2)
   (You found it on level 11 of the Dungeon)
 T - a wand of iceblast (19)
   (You found it on level 2 of the Lair of Beasts)
 Y - a wand of mindburst (21)
   (You found it on level 5 of the Lair of Beasts)
Scrolls
 c - 2 scrolls of enchant weapon
 e - 2 scrolls of holy word
 g - a scroll of magic mapping {!r}
 t - 5 scrolls of immolation {!r!r}
 w - 6 scrolls of blinking {!r}
 C - a scroll of brand weapon
 D - a scroll of fog
 G - 5 scrolls of amnesia
 J - a scroll of fear
 K - 19 scrolls of teleportation {@r4}
 Q - 10 scrolls of identify {@r1}
Potions
 d - 5 potions of heal wounds {@q2}
 j - a potion of brilliance
 k - 3 potions of haste {@q3}
 p - a potion of magic
 q - 8 potions of curing {@q1}
 r - 3 potions of might
 u - a potion of lignification {!q}
 B - 2 potions of berserk rage {!q}
 L - 2 potions of cancellation
 M - a potion of resistance
 O - a potion of mutation {!q}
 Z - 4 potions of attraction {!q}
Miscellaneous
 F - a tin of tremorstones (2/2) {throwing}
   (You found it on level 2 of the Orcish Mines)
 N - a condenser vane
   (You found it in a bailey)
 P - a lightning rod (4/4)
   (You found it on level 5 of the Lair of Beasts)

Dungeon Overview and Level Annotations

Branches:
Dungeon (15/15)            Temple (0/1) D:4            Lair (6/6) D:8
  Swamp (0/4) Lair:2       Spider (0/4) Lair:3        Slime (0/5) Lair:6
    Orc (2/2) D:10            Elf (0/3) Orc:2        Vaults (0/5) D:13
 Depths (0/4) D:15         Bailey (visited)

Shops:
D:1 =   D:5 *   D:9 *   D:15 !   Orc:1 (   Orc:2 (!(=

Annotations:
D:10 1 runed translucent door, Valamore's ghost, journeyman DECj
Lair:6 1 runed translucent door, Jipob's ghost, adept MiBe

......## # #########.....
....#..# #............. ######.#
#######....... ######.###
###############....... .....#[#..
#...#c#....[.#########
####.#.#.###.#.#○#.####.# #......
#.(..#.#.....#.#.#.#....# #......
######(#.###.#.#.#.#.#### #......
#..#.....#.#.#.#@#.#....# #......
#(=#.#####.#.#.#.#.####.# #......
#..'.......#.#...#.#..#.# #.#####
######.###########.##.#.###......
.....#.......#.....#..#.##.#.....
####.#.#####.#.###.#.##.##.+.....
[......#.......#...#....##.######
#######################.##.......
###############.###......


You could see a yaktaur captain.


Message History

😎 MP[-4]
You lost 4 mp, and now have 45/54 mp.
A boulder beetle comes into view. 😎 MP[+9]
Your mp is fully restored (54).
Casting: Iskenderun's Mystic Blast (mildly dangerous; 1% risk of failure)
Confirm with . or Enter, or press ? or * to list all spells.
Aiming: Mephitic Cloud (safe; 1% risk of failure)
Press: ? - help, Shift-Dir - straight line, f - boulder beetle
Aim: a boulder beetle (chance to affect: 43%)
You feel a surge of power!
The ball explodes into a vile cloud!
The stinking cloud engulfs the boulder beetle but does no damage.
The boulder beetle is engulfed in noxious fumes.
The boulder beetle appears confused. 😎 MP[-3]
You lost 3 mp, and now have 51/54 mp.
Casting: Mephitic Cloud (safe; 1% risk of failure)
Confirm with . or Enter, or press ? or * to list all spells.
You feel a surge of power!
You erupt in a blast of force!
The mystic blast hits the boulder beetle!
The boulder beetle is knocked back by the mystic blast.
The boulder beetle slams into the crystal wall! 😎 MP[-3]
You lost 3 mp, and now have 48/54 mp.
Casting: Iskenderun's Mystic Blast (mildly dangerous; 1% risk of failure)
Confirm with . or Enter, or press ? or * to list all spells.
You feel a surge of power!
You erupt in a blast of force!
The mystic blast hits the boulder beetle!
The boulder beetle is knocked back by the mystic blast.
The boulder beetle slams into the crystal wall! 😎 MP[-3]
You lost 3 mp, and now have 45/54 mp.
Casting: Iskenderun's Mystic Blast (mildly dangerous; 1% risk of failure)
Confirm with . or Enter, or press ? or * to list all spells.
You feel a surge of power!
You erupt in a blast of force!
The mystic blast hits the boulder beetle!!
The boulder beetle is knocked back by the mystic blast.
The boulder beetle slams into the crystal wall!
You kill the boulder beetle! 😎 MP[-4]
You lost 4 mp, and now have 41/54 mp.
You see here a +0 pair of boots.
You pick up a book of Debilitation and begin reading...
You add the spells Slow and Confusing Touch to your library. 😎 MP[+13]
Your mp is fully restored (54).
You open the door.
Found a stone staircase leading up.
There is an open door here.
You see here a +0 pair of boots.
A yaktaur captain comes into view.
The yaktaur captain shouts!
The yaktaur captain wields a +0 arbalest.
The yaktaur captain shoots a bolt.
The bolt hits you!! 😮 HP[-31]
You take 31 damage, and now have 76/107 hp.
MASSIVE DAMAGE!! (PAUSE)
The yaktaur captain shoots a bolt.
The bolt hits you! 😮 HP[-14]
You take 14 damage, and now have 62/107 hp.
Casting: Iskenderun's Mystic Blast (mildly dangerous; 1% risk of failure)
Confirm with . or Enter, or press ? or * to list all spells.
Aiming: Mephitic Cloud (safe; 1% risk of failure)
Press: ? - help, Shift-Dir - straight line, f - yaktaur captain
Aim: a yaktaur captain, wielding a +0 arbalest and quivering bolts (chance to affect: 34%)
You feel a surge of power!
The ball explodes into a vile cloud!
The stinking cloud engulfs the yaktaur captain but does no damage.
The yaktaur captain is engulfed in noxious fumes.
The yaktaur captain shoots a bolt.
The bolt hits you!
You feel threatened and lose the ability to read scrolls!
* * * LOW HITPOINT WARNING * * *
😨 HP[-14] MP[-2]
You take 14 damage, and now have 48/107 hp.
You lost 2 mp, and now have 52/54 mp.
Casting: Mephitic Cloud (safe; 1% risk of failure)
Confirm with . or Enter, or press ? or * to list all spells.
You ignite the poison in your surroundings!
The yaktaur captain is engulfed in blazing flames.
The yaktaur captain shoots a bolt.
The bolt hits you!!!
* * * LOW HITPOINT WARNING * * *
😱 HP[-46] MP[-2]
You take 46 damage, and now have 2/107 hp.
MASSIVE DAMAGE!! (PAUSE)
You lost 2 mp, and now have 50/54 mp.
Casting: Ignite Poison (mildly dangerous; 8% risk of failure)
Confirm with . or Enter, or press ? or * to list all spells.
Aiming: Searing Ray (safe; 1% risk of failure)
Press: ? - help, Shift-Dir - straight line, f/p - yaktaur captain
Aim: a yaktaur captain, wielding a +0 arbalest and quivering bolts (flame, lightly wounded, 94% to hit)
You feel a surge of power!
The searing ray hits the yaktaur captain. (Press . to maintain the ray.)
The yaktaur captain is engulfed in blazing flames.
The yaktaur captain shoots a bolt.
You block the bolt. 😱 MP[-2]
You lost 2 mp, and now have 48/54 mp.
The searing ray hits the yaktaur captain.
The yaktaur captain is engulfed in blazing flames.
The yaktaur captain shoots a bolt.
The bolt hits you!
You die...

Skill      XL: |  1  2  3  4  5  6  7  8  9 10 11 12 13 14 15 |
---------------+----------------------------------------------+-----
Conjurations   | 4 5 6 7 8 10 12 13 | 13.6
Spellcasting   | 2 3 4 5 6 8 9 10 11 12 | 12.1
Stealth        | 2 3 5 |  5.0
Dodging        | 2 3 4 |  4.1
Translocations | 1 2 3 4 5 6 7 8 10 | 10.4
Armour         | 1 2 4 5 6 10 11 12 | 12.0
Fighting       | 1 2 3 |  3.0
Axes           | 1 2 4 |  4.1
Shields        | 2 3 |  3.8
Fire Magic     | 2 |  2.6
Poison Magic   | 2 3 4 8 |  8.2
Earth Magic    | 4 |  4.2
Short Blades   | |  0.2
Hexes          | |  0.5
Air Magic      | |  0.7

Action                   |  1- 3 |  4- 6 |  7- 9 | 10-12 | 13-15 || total
-------------------------+-------+-------+-------+-------+-------++-------
Melee: Dagger            |     9 |     1 |     5 |       |       ||    15
       War axe           |       |       |     2 |    19 |    64 ||    85
       Staff             |       |       |       |       |     4 ||     4
 Cast: Magic Dart        |    65 |    53 |    84 |   215 |   316 ||   733
       Searing Ray       |    14 |    34 |    68 |   136 |   289 ||   541
       Iskenderun's Myst |       |       |    21 |   107 |   426 ||   554
       Poisonous Vapours |       |       |       |     2 |     1 ||     3
       Fulminant Prism   |       |       |       |     1 |     1 ||     2
       Olgreb's Toxic Ra |       |       |       |       |     4 ||     4
       Mephitic Cloud    |       |       |       |       |    61 ||    61
       Ignite Poison     |       |       |       |       |    41 ||    41
  Use: Scroll            |     1 |     2 |     8 |     6 |    14 ||    31
       Potion            |       |       |       |     1 |       ||     1
Armor: Robe              |     4 |       |       |       |       ||     4
       Leather armour    |       |     9 |     3 |       |       ||    12
       Troll leather arm |       |       |    18 |    67 |    31 ||   116
       Chain mail        |       |       |       |       |   231 ||   231
       Pearl dragon scal |       |       |       |       |    35 ||    35
Dodge: Dodged            |    20 |     7 |    43 |    85 |   167 ||   322
Block: Buckler           |       |       |       |    18 |    89 ||   107

Levels and vault maps discovered:
D:1:      roderic_chinese_lattice_arrival, layout_loops_cross,
          shapermc_ecumenical_altar_gd, serial_forest,
          infiniplex_forest_straight_2, infiniplex_forest_end_2,
          infiniplex_forest_lined_3, infiniplex_forest_lined_1,
          infiniplex_forest_clump_curved, infiniplex_forest_lined_2,
          infiniplex_forest_lined_corner, infiniplex_forest_end_3,
          infiniplex_forest_lined_2, nicolae_shop_unique_rings,
          minmay_tromino_mix6
D:2:      layout_rooms, basic_altar, minmay_misc_feat_nine_boxes,
          chequers_serial_rivers_micro_c, columned_hall_lemuel, hex_medium,
          uniq_robin
D:3:      layout_basic, nemelex_spade_bored_becter, doesnt_xom_only_xom,
          minivault_27
D:4:      layout_basic, gammafunk_temple_overflow_claw,
          mainiacjoe_overflow_brackets, minmay_temple_entry_fiery,
          corexii_checkpoint_a, kennysheep_boxes
D:5:      layout_loops_corners, general_overflow_altar, minmay_shop_damaged,
          grunt_ministairs_4, lemuel_old_faithful, uniq_pikel
D:6:      layout_basic, grunt_qazlal_sundering, nicolae_ru_path_of_blood,
          st_stairs_4
D:7:      layout_gridville, marbit_many_paths
D:8:      layout_basic, kennysheep_mini_moat, lair_entry_dummy, minmay_circle_x
D:9:      layout_basic, nicolae_uskayaw_suspiria, serial_shops, shop,
          hex_intersection
D:10:     layout_basic, zombieorc2_lemuel, enter_bailey_5,
          ebering_ghost_reflecting_pool
D:11:     layout_loops_ring
D:12:     minmay_crescents, layout_stronghold, serial_co_window_serial,
          co_window_corner_a, co_window_of_opportunity_a, co_window_corner_a,
          co_window_corner_a, co_window_paths_a, co_window_corner_a,
          co_window_paths_a, co_window_corner_a, co_window_of_opportunity_a,
          co_window_of_opportunity_b, co_window_broadway_a, co_window_corner_b,
          co_window_2corner, co_window_corner_b, glass_columns_c,
          glass_columns_b, glass_columns_a, glass_columns_b, glass_columns_a
D:13:     layout_long_grid, david_vaults_1, chequers_serial_rivers_micro_a,
          chequers_serial_rivers_micro_e, nicolae_looking_at_the_future
D:14:     layout_irregular_city, eino_curves_02
D:15:     gammafunk_depths_entry_grave, layout_gridville, okawaru_gym_becter,
          serial_shops, shop, wad_mini_maze
Lair:1:   layout_loops_ring, uniq_urug
Lair:2:   layout_cave_pods, swamp_mist_pool
Lair:3:   layout_cave_pods, spider_nest_entry_rubble, beast_lair_carwin_4,
          lemuel_fruit_fields
Lair:4:   layout_roguey, beast_lair_carwin_8, uniq_nessos
Lair:5:   gammafunk_mikee_crab_dinner, layout_cave_pods,
          nicolae_volcano_entry_s_turn, portal_ice_cave_entry_pillars_2
Lair:6:   grunt_lair_end_beastmaster, layout_loops_ring, slime_dummy,
          gammafunk_ghost_grave, fungi_pond_lemuel, nzn_sisyphean_effort,
          uniq_kirke
Orc:1:    layout_caves, nicolae_shop_firing_range
Orc:2:    pubby_orc_utopia, serial_shops

Notes
Turn   | Place    | Note
-------+----------+-------------------------------------------
     0 | D:1      | mortz the Demigod Conjurer began the quest for the Orb.
     0 | D:1      | Reached XP level 1. HP: 14/14 MP: 5/5
     0 | D:1      | magus.rc [v1.9.6]
   246 | D:1      | Reached skill level 4 in Conjurations
   353 | D:1      | Reached XP level 2. HP: 18/20 MP: 4/7
   604 | D:1      | Found Coeg's One-of-a-Kind Rings.
   609 | D:1      | Bought a +2 ring of protection for 100 gold pieces
   644 | D:1      | Learned a level 2 spell: Searing Ray
   743 | D:1      | Reached skill level 2 in Spellcasting
  1163 | D:2      | Reached skill level 2 in Stealth
  1163 | D:2      | Reached XP level 3. HP: 22/26 MP: 5/8
  1234 | D:2      | Noticed Robin
  1258 | D:2      | Killed Robin
  1369 | D:2      | Reached skill level 2 in Dodging
  1797 | D:3      | Reached XP level 4. HP: 33/33 MP: 7/10
  1802 | D:3      | Learned a level 4 spell: Iskenderun's Mystic Blast
  1944 | D:3      | Noticed a black bear
  2112 | D:3      | You pick up a book of Beasts and begin reading...
  2112 | D:3      | You add the spells Summon Ice Beast, Summon Mana Viper and
                  | Monstrous Menagerie to your library.
  2435 | D:3      | Reached skill level 5 in Conjurations
  2618 | D:3      | Reached XP level 5. HP: 38/38 MP: 7/11
  2624 | D:3      | Reached skill level 1 in Translocations
  3044 | D:3      | Killed a black bear
  3045 | D:3      | Reached skill level 1 in Armour
  3045 | D:3      | Reached skill level 3 in Spellcasting
  3045 | D:3      | Reached XP level 6. HP: 45/45 MP: 8/13
  3341 | D:4      | Identified the +5 dagger of Fedhas's Fury {freeze, rCorr}
  3649 | D:4      | HP: 5/45 [ogre/+0 giant spiked club (15)]
  3991 | D:4      | Reached skill level 2 in Translocations
  4072 | D:4      | Reached XP level 7. HP: 50/50 MP: 11/15
  4184 | D:4      | Found a staircase to the Ecumenical Temple.
  4335 | D:5      | Entered Level 5 of the Dungeon
  4431 | D:5      | Reached skill level 4 in Spellcasting
  4431 | D:5      | Reached skill level 6 in Conjurations
  4779 | D:5      | Reached skill level 2 in Armour
  4873 | D:5      | You add the spells Sting, Poisonous Vapours and Olgreb's
                  | Toxic Radiance to your library.
  4957 | D:5      | Noticed Pikel
  5019 | D:5      | Killed Pikel
  5020 | D:5      | Reached skill level 3 in Stealth
  5020 | D:5      | Reached skill level 3 in Translocations
  5020 | D:5      | Reached XP level 8. HP: 44/57 MP: 9/18
  5117 | D:5      | Found Qyryudaxt's Lightly-Used Armoury.
  5382 | D:5      | Noticed a troll
  5391 | D:5      | Killed a troll
  5392 | D:5      | Reached skill level 3 in Armour
  5392 | D:5      | Reached skill level 5 in Spellcasting
  5722 | D:6      | Reached skill level 7 in Conjurations
  5924 | D:6      | You pick up a book of the Senses and begin reading...
  5924 | D:6      | You add the spells Agony and Silence to your library.
  6070 | D:6      | Reached skill level 4 in Armour
  6070 | D:6      | Reached skill level 4 in Translocations
  6353 | D:6      | Reached XP level 9. HP: 62/62 MP: 17/21
  6455 | D:7      | Reached skill level 6 in Spellcasting
  6973 | D:7      | Reached skill level 8 in Conjurations
  6998 | D:7      | Reached skill level 5 in Translocations
  7207 | D:8      | Reached skill level 5 in Armour
  7245 | D:8      | Found a staircase to the Lair.
  7250 | D:8      | You pick up a book of Necromancy and begin reading...
  7250 | D:8      | You add the spells Pain, Animate Skeleton and Vampiric
                  | Draining to your library.
  7263 | D:8      | Identified the +4 war axe "Peleu" {flame, rPois}
  8101 | D:8      | Noticed a skeletal warrior
  8135 | D:8      | Noticed a skeletal warrior
  8488 | D:9      | Reached skill level 3 in Dodging
  8489 | D:9      | Reached XP level 10. HP: 45/70 MP: 15/24
  8490 | D:9      | Reached skill level 7 in Spellcasting
  8583 | D:9      | Reached skill level 1 in Fighting
  8794 | D:9      | Reached skill level 9 in Conjurations
  8902 | D:9      | Found Buavif's Assorted Antiques.
  9321 | D:10     | Entered Level 10 of the Dungeon
  9380 | D:10     | Reached skill level 1 in Axes
  9382 | D:10     | Noticed a two-headed ogre
  9490 | D:10     | Found a flagged portal.
  9526 | Bailey   | Entered a bailey
  9590 | Bailey   | Noticed an orc warlord
  9763 | Bailey   | Found a runed translucent gate.
  9862 | Bailey   | Found a runed translucent gate.
  9863 | Bailey   | Found a runed translucent gate.
  9935 | Bailey   | Killed an orc warlord
  9936 | Bailey   | Reached skill level 8 in Spellcasting
 10077 | Bailey   | Reached skill level 6 in Armour
 10077 | Bailey   | Reached skill level 5 in Stealth
 10077 | Bailey   | Reached skill level 2 in Shields
 10077 | Bailey   | Reached skill level 10 in Conjurations
 10077 | Bailey   | Reached skill level 6 in Translocations
 10077 | Bailey   | Reached skill level 2 in Fire Magic
 10077 | Bailey   | Reached XP level 11. HP: 78/78 MP: 27/27
 10285 | D:10     | Found a staircase to the Orcish Mines.
 10441 | D:10     | Killed a two-headed ogre
 10471 | D:10     | Reached skill level 9 in Spellcasting
 10659 | D:10     | Found a runed translucent door.
 10660 | D:10     | Noticed Valamore's ghost (journeyman DECj)
 10836 | D:10     | Reached XP level 12. HP: 84/84 MP: 17/29
 11076 | Lair:1   | Entered Level 1 of the Lair of Beasts
 11197 | Lair:1   | Reached skill level 11 in Conjurations
 11299 | Lair:1   | Noticed Urug
 11314 | Lair:1   | Learned a level 4 spell: Fulminant Prism
 11317 | Lair:1   | Learned a level 2 spell: Poisonous Vapours
 11346 | Lair:1   | Killed Urug
 11607 | D:1      | Bought the ring "Puvy" {rPois rF++ rCorr MP+9} for 543 gold
                  | pieces
 11798 | Lair:1   | Reached skill level 7 in Translocations
 12212 | Lair:1   | magus.rc [v1.9.6]
 12413 | Lair:2   | Noticed an eight-headed hydra
 12425 | Lair:2   | Killed an eight-headed hydra
 12426 | Lair:2   | Reached skill level 2 in Axes
 12639 | Lair:2   | You pick up a book of Decay and begin reading...
 12639 | Lair:2   | You add the spells Corpse Rot, Dispel Undead and Death
                  | Channel to your library.
 12703 | Lair:2   | Reached skill level 10 in Spellcasting
 12722 | Lair:2   | Found a staircase to the Swamp.
 12752 | Lair:2   | Reached skill level 1 in Poison Magic
 12824 | Lair:2   | Learned a level 4 spell: Olgreb's Toxic Radiance
 12883 | Lair:2   | You add the spells Ozocubu's Armour and Ozocubu's
                  | Refrigeration to your library.
 13632 | Lair:3   | You are sucked into a shaft and drop 1 floor!
 13881 | Lair:3   | Reached skill level 2 in Fighting
 13886 | Lair:3   | Identified the +7 chain mail of the Stars {-Tele rElec
                  | rN++}
 13973 | Lair:3   | Noticed a five-headed hydra
 14114 | Lair:3   | Reached skill level 12 in Conjurations
 14274 | Lair:3   | Found a hole to the Spider Nest.
 14279 | Lair:3   | Reached skill level 2 in Poison Magic
 14324 | Lair:3   | Noticed a four-headed hydra
 14333 | Lair:3   | Killed a four-headed hydra
 14970 | Lair:3   | Killed a five-headed hydra
 14971 | Lair:3   | Reached XP level 13. HP: 93/93 MP: 29/32
 15254 | Lair:4   | Reached skill level 3 in Axes
 15260 | Lair:4   | Reached skill level 3 in Poison Magic
 15325 | Lair:4   | Noticed Nessos
 15338 | Lair:4   | Killed Nessos
 15428 | Lair:4   | Reached skill level 3 in Shields
 15596 | Lair:4   | Reached skill level 4 in Axes
 16108 | Lair:4   | Reached skill level 4 in Dodging
 16390 | Lair:5   | Found a runed translucent door.
 16489 | Lair:5   | Reached skill level 7 in Armour
 16809 | Lair:5   | Reached skill level 8 in Armour
 17885 | Lair:5   | Noticed an entropy weaver
 17921 | Lair:5   | Killed an entropy weaver
 17922 | Lair:5   | Reached skill level 9 in Armour
 18154 | Lair:5   | Noticed an entropy weaver
 18160 | Lair:5   | Killed an entropy weaver
 18280 | Lair:5   | Identified the +4 fustibalus "Semmikil" {vorpal, Str+2}
 18291 | Lair:5   | magus.rc [v1.9.6]
 18381 | Lair:6   | Entered Level 6 of the Lair of Beasts
 18483 | Lair:6   | Reached skill level 8 in Translocations
 18692 | Lair:6   | Found a runed translucent door.
 18697 | Lair:6   | Noticed Jipob's ghost (adept MiBe)
 18776 | Lair:6   | Noticed Kirke
 18785 | Lair:5   | Reached skill level 10 in Armour
 19218 | Lair:6   | Killed Kirke
 19292 | Lair:6   | Found a staircase to the Slime Pits.
 19320 | Lair:6   | Reached XP level 14. HP: 93/100 MP: 33/33
 19371 | Lair:6   | You add the spells Ignite Poison, Mephitic Cloud and
                  | Freezing Cloud to your library.
 19388 | Lair:5   | Learned a level 3 spell: Mephitic Cloud
 19408 | Lair:6   | Found the +8 demon trident "Rift" {distort, reach+}
 19530 | Lair:6   | magus.rc [v1.9.6]
 19602 | Lair:6   | Reached skill level 9 in Translocations
 19700 | Lair:6   | Reached skill level 11 in Armour
 19810 | Lair:6   | You pick up a book of the Sky and begin reading...
 19810 | Lair:6   | You add the spells Summon Lightning Spire, Storm Form and
                  | Maxwell's Capacitive Coupling to your library.
 19952 | Lair:6   | You pick up a book of Pain and begin reading...
 21017 | D:11     | Identified the +1 broad axe "Killer Klown's Peril" {vamp,
                  | rElec Str-3 Int+5 SInv}
 22076 | D:12     | You pick up a book of Cantrips and begin reading...
 22076 | D:12     | You add the spells Summon Small Mammal and Apportation to
                  | your library.
 22197 | D:12     | HP: 24/100 [boulder beetle (20)]
 22529 | D:12     | You pick up a book of Iron and begin reading...
 22529 | D:12     | You add the spells Animate Armour, Blade Hands and Iron
                  | Shot to your library.
 22853 | D:12     | You add the spells Tukima's Dance, Passage of Golubria and
                  | Yara's Violent Unravelling to your library.
 23183 | D:12     | Reached skill level 11 in Spellcasting
 23423 | D:12     | Reached skill level 10 in Translocations
 24598 | Orc:1    | Entered Level 1 of the Orcish Mines
 25112 | Orc:2    | Entered Level 2 of the Orcish Mines
 25130 | Orc:2    | Reached skill level 13 in Conjurations
 25676 | Orc:1    | Found Vuazxato's Firing Range.
 26054 | Orc:2    | Noticed an orc warlord
 26090 | Orc:2    | Killed an orc warlord
 26336 | Orc:2    | Paralysed by an orc sorcerer for 4 turns
 26459 | Orc:2    | Found a staircase to the Elven Halls.
 26894 | D:5      | Bought -1 pearl dragon scales for 1235 gold pieces
 26897 | D:5      | S - -1 pearl dragon scales {rarerare}
 26908 | D:5      | You finish putting on your -1 pearl dragon scales
                  | {rarerare}.
 27237 | Orc:2    | Found Raanorem's Distillery.
 27275 | Orc:2    | Noticed an orc warlord
 27288 | Orc:2    | Reached skill level 4 in Poison Magic
 27299 | Orc:2    | Killed an orc warlord
 27300 | Orc:2    | Reached XP level 15. HP: 71/106 MP: 23/35
 27304 | Orc:2    | Learned a level 3 spell: Ignite Poison
 27311 | Orc:2    | Learned a level 6 spell: Iron Shot
 27514 | Orc:2    | Gained mutation: You sometimes lose the ability to read
                  | scrolls when taking damage. [a neqoxec]
 27517 | Orc:2    | Reached skill level 12 in Armour
 28083 | Orc:2    | Found Puytzoonk's Weapon Shoppe.
 28317 | Orc:2    | Found Comurag's Weapon Boutique.
 28346 | Orc:2    | Found Lelado's Jewellery Shop.
 28363 | Orc:2    | Reached skill level 1 in Earth Magic
 29051 | Orc:2    | Reached skill level 12 in Spellcasting
 29500 | D:10     | magus.rc [v1.9.6]
 30140 | D:13     | Reached skill level 2 in Earth Magic
 30179 | D:13     | Reached skill level 3 in Fighting
 30352 | D:13     | Found a gate to the Vaults.
 30576 | D:13     | your -1 pearl dragon scales {rarerare} glow green for a
                  | moment.
 30703 | D:13     | Reached skill level 5 in Poison Magic
 30881 | D:13     | Reached skill level 3 in Earth Magic
 31470 | D:14     | Reached skill level 6 in Poison Magic
 32005 | D:15     | Entered Level 15 of the Dungeon
 32208 | D:15     | Reached skill level 7 in Poison Magic
 32478 | D:15     | Found a staircase to the Depths.
 32514 | D:15     | Reached skill level 4 in Earth Magic
 32812 | D:15     | Reached skill level 8 in Poison Magic
 32862 | D:15     | Found Pitotule's Distillery.
 33129 | D:15     | You pick up a book of Debilitation and begin reading...
 33129 | D:15     | You add the spells Slow and Confusing Touch to your
                  | library.
 33209 | D:15     | HP: 2/107 [yaktaur captain/bolt (46)]
 33211 | D:15     | Shot with a bolt by a yaktaur captain

Vanquished Creatures
  Kirke (Lair:6)
  3 orc warlords
  2 entropy weavers (Lair:5)
  Nessos (Lair:4)
  3 ghost crabs (Lair:5)
  A rakshasa (D:13)
  3 boulder beetles
  9 hydras
  A catoblepas (Lair:6)
  7 centaur warriors
  8 two-headed ogres
  A deep troll shaman (Lair:6)
  6 death yaks
  Urug (Lair:1)
  3 tengu warriors
  6 orc high priests
  9 skeletal warriors
  5 fire crabs
  A phantasmal warrior (D:15)
  A sphinx zombie (D:15)
  Pikel (D:5)
  2 deep elf pyromancers
  2 necromancers
  3 orc knights (Orc:2)
  A fire giant zombie (D:15)
  7 ugly things
  4 orc sorcerers
  A stone giant zombie (D:15)
  6 cyclopes
  5 manticores
  4 black mambas
  10 elephants
  An apocalypse crab (Lair:5)
  A moth of wrath (shapeshifter) (D:13)
  2 gargoyles
  14 cane toads
  An unseen horror (D:11)
  A freezing wraith (D:12)
  7 komodo dragons
  2 kobold demonologists
  A rime drake (Lair:1)
  A yaktaur (D:12)
  3 tengu conjurers (D:15)
  3 meliai (D:13)
  A queen bee (D:13)
  9 trolls
  A polar bear (Lair:3)
  2 hornets
  A hornet (shapeshifter) (D:12)
  A raiju (shapeshifter) (D:12)
  7 dream sheep (Lair:6)
  8 blink frogs
  15 slime creatures
  A spriggan skeleton (D:15)
  2 meliai zombies (D:11)
  2 shadows (D:10)
  A vampire (D:11)
  4 wraiths
  9 wyverns
  3 hogs
  A golden eye (shapeshifter) (D:12)
  62 yaks
  2 basilisks
  2 steam dragons
  6 vampire mosquitoes
  A redback (Lair:3)
  5 wargs
  2 acid dragons
  19 water moccasins
  7 black bears
  47 orc warriors
  A meliai simulacrum (D:12)
  18 ogres
  An ice beast (D:7)
  11 wolves
  5 centaurs
  A phantom (D:5)
  A lemure (D:5)
  3 kobold brigands
  2 gnoll sergeants
  18 bullfrogs
  5 scorpions
  A water moccasin skeleton (D:6)
  15 killer bees
  3 electric eels
  19 wights
  A howler monkey (D:8)
  6 centaur zombies
  A bullfrog zombie (D:6)
  2 hounds
  A jelly (D:5)
  33 orc priests
  A centaur skeleton (D:6)
  2 iguanas
  26 orc wizards
  4 hell rats (Lair:4)
  8 ogre zombies (D:10)
  2 hound skeletons
  Robin (D:2)
  17 gnolls
  10 adders
  2 shadow imps (D:5)
  A white imp (D:5)
  An ufetubus (D:6)
  An adder skeleton (D:3)
  A worm (D:2)
  3 dart slugs
  113 orcs
  7 ball pythons
  4 endoplasms
  2 giant cockroaches
  25 goblins
  12 hobgoblins
  4 jackals (D:1)
  32 kobolds
  4 quokkas
  5 bats
  5 frilled lizards
  3 goblin zombies (D:10)
  A hobgoblin skeleton (D:10)
  3 hobgoblin zombies (D:10)
  An orc skeleton (D:10)
  17 orc zombies (D:10)
  6 rats
848 creatures vanquished.

Vanquished Creatures (others)
  An orc wizard (D:3)
  2 fulminant prisms
  38 fungi
  109 plants
  4 withered plants (D:15)
154 creatures vanquished.

Grand Total: 1002 creatures vanquished

Table legend:
 A = Non-vault XP
 B = Vault XP
 C = Vault XP percentage of total XP
 D = Non-vault monster count
 E = Vault monster count
 F = Vault count percentage of total count
                 A         B        C        D         E       F
            +---------+---------+-------+---------+---------+-------
      Total |   90953 |   67427 |  42.6 |     513 |     335 |  39.5
            +---------+---------+-------+---------+---------+-------
        D:1 |      36 |       9 |  20.0 |      23 |       6 |  20.7
        D:2 |      40 |      30 |  42.9 |      12 |       9 |  42.9
        D:3 |     347 |       0 |   0.0 |      30 |       0 |   0.0
        D:4 |     422 |       3 |   0.7 |      28 |       2 |   6.7
        D:5 |     590 |     726 |  55.2 |      13 |       5 |  27.8
        D:6 |    1060 |     323 |  23.4 |      26 |       3 |  10.3
        D:7 |    1365 |      87 |   6.0 |      21 |       1 |   4.5
        D:8 |    3852 |     513 |  11.8 |      18 |       6 |  25.0
        D:9 |    2619 |       0 |   0.0 |      24 |       0 |   0.0
       D:10 |    4811 |     892 |  15.6 |      20 |      40 |  66.7
       D:11 |    3963 |       0 |   0.0 |      18 |       0 |   0.0
       D:12 |    5961 |    6415 |  51.8 |      27 |      13 |  32.5
       D:13 |    8524 |    3641 |  29.9 |      20 |      18 |  47.4
       D:14 |    9096 |       0 |   0.0 |      17 |       0 |   0.0
       D:15 |    8545 |    6439 |  43.0 |      20 |      10 |  33.3
     Lair:1 |    2642 |     808 |  23.4 |      13 |       1 |   7.1
     Lair:2 |    6766 |       0 |   0.0 |      30 |       0 |   0.0
     Lair:3 |    6534 |     832 |  11.3 |      22 |       7 |  24.1
     Lair:4 |    7807 |    4337 |  35.7 |      32 |      10 |  23.8
     Lair:5 |    5400 |    8540 |  61.3 |      18 |      12 |  40.0
     Lair:6 |    6254 |   10069 |  61.7 |      20 |      19 |  48.7
      Orc:1 |    4319 |       0 |   0.0 |      61 |       0 |   0.0
      Orc:2 |       0 |   22157 | 100.0 |       0 |     146 | 100.0
     Bailey |       0 |    1606 | 100.0 |       0 |      27 | 100.0
            +---------+---------+-------+---------+---------+-------

Illustrated notes

Table legend:
 A = Kills in this place as a percentage of kills in entire the game.
 B = Kills by you in this place as a percentage of kills by you in the entire game.
 C = Kills by friends in this place as a percentage of kills by friends in the entire game.
 D = Other kills in this place as a percentage of other kills in the entire game.
 E = Experience gained in this place as a percentage of experience gained in the entire game.
 F = Experience gained in this place divided by the number of levels of this place that you have seen.
                   A       B       C       D       E      F
               +-------+-------+-------+-------+-------+----------------------
         Total | 100.0 | 100.0 |   N/A | 100.0 | 100.0 | 6599.2
       Dungeon |  50.7 |  50.8 |   N/A |  42.9 |  44.4 | 4687.3
          Lair |  21.7 |  21.9 |   N/A |   0.0 |  37.9 | 9998.2
  Orcish Mines |  24.4 |  24.1 |   N/A |  57.1 |  16.7 | 13238.0
        Bailey |   3.2 |   3.2 |   N/A |   0.0 |   1.0 | 1606.0
               +-------+-------+-------+-------+-------+----------------------

Table legend: (Time is in decaauts)
 A = Elapsed time spent in this place.
 B = Non-inter-level travel time spent in this place.
 C = Inter-level travel time spent in this place.
 D = Time resting spent in this place.
 E = Time spent auto-exploring this place.
 F = Levels seen in this place.
 G = Mean time per level.
                   A        B        C        D        E       F      G
               +--------+--------+--------+--------+--------+-----+--------+
         Total |  33264 |  30965 |   2299 |      0 |  23798 |  24 | 1386.0 |
       Dungeon |  19232 |  17626 |   1606 |      0 |  14037 |  15 | 1282.1 |
          Lair |   9014 |   8505 |    509 |      0 |   6328 |   6 | 1502.3 |
  Orcish Mines |   4411 |   4228 |    183 |      0 |   3260 |   2 | 2205.5 |
        Bailey |    606 |    606 |      0 |      0 |    173 |   1 |  606.0 |
               +--------+--------+--------+--------+--------+-----+--------+

Top non-repeatable levels by time:
   Orc:2: 3687 daAuts
  Lair:5: 2438 daAuts
    D:12: 2229 daAuts
     D:8: 1606 daAuts
     D:3: 1551 daAuts
  Lair:6: 1527 daAuts
  Lair:2: 1492 daAuts
    D:11: 1487 daAuts
     D:5: 1433 daAuts
  Lair:4: 1419 daAuts
    D:13: 1414 daAuts
    D:10: 1377 daAuts
     D:1: 1252 daAuts
  Lair:3: 1230 daAuts
    D:15: 1159 daAuts
